 Dungeon Crawl Stone Soup version 0.21-a0-504-g2eda330 (webtiles) character file.

428 slep the Slasher (level 6, -2/70 HPs)
             Began as a Demonspawn Gladiator on Nov 25, 2017.
             Slain by an orc (4 damage)
             ... in the Ecumenical Temple.
             The game lasted 00:10:22 (3216 turns).

slep the Slasher (Demonspawn Gladiator)             Turns: 3216, Time: 00:10:23

Health: -2/70      AC:  6    Str: 18 (20) XL:     6   Next: 65%
Magic:  6/6        EV: 13    Int:  6 (9)  God:
Gold:   247        SH:  0    Dex: 14 (16) Spells: 5/5 levels left

rFire    . . .     SeeInvis .   a - +0 long sword
rCold    . . .     Gourm    .   (no shield)
rNeg     + . .     Faith    .   A - +0 leather armour {rPois}
rPois    +         Spirit   .   c - +0 helmet
rElec    .         Reflect  .   (no cloak)
rCorr    .         Harm     .   (no gloves)
MR       .....                  (no boots)
Stlth    ..........             (no amulet)
HPRegen  0.21/turn              z - ring of poison resistance
MPRegen  0.10/turn              x - ring of positive energy

@: berserking, very quick
A: iridescent scales 1, spiny 2
a: no special abilities


You were in the Ecumenical Temple.
You were not hungry.

You visited 2 branches of the dungeon, and saw 6 of its levels.

You collected 247 gold pieces.

Inventory:

Hand Weapons
 a - a +0 long sword (weapon)
Missiles
 d - 3 throwing nets (quivered)
Armour
 b - a +0 leather armour
 c - a +0 helmet (worn)
 t - a +0 chain mail
 A - a +0 leather armour of poison resistance (worn)
Jewellery
 r - an uncursed ring of fire
 u - an uncursed ring of fire
 x - a ring of positive energy (right hand)
 z - a ring of poison resistance (left hand)
Wands
 q - a wand of clouds (2)
Scrolls
 e - 2 scrolls of remove curse {unknown}
 g - 5 scrolls of teleportation {unknown}
 k - 3 scrolls of fear {unknown}
 l - 5 scrolls of identify {unknown}
 o - 2 scrolls of amnesia {unknown}
 s - 2 scrolls of magic mapping {unknown}
 y - 2 scrolls of enchant weapon {unknown}
Potions
 j - a potion of flight {unknown}
 m - 2 potions of might {unknown}
 n - a potion of mutation {unknown}
 v - a potion of berserk rage
 w - 2 potions of degeneration
 B - a potion of haste {unknown}
Comestibles
 f - 6 bread rations
 h - 3 meat rations
 i - a royal jelly
 p - a chunk of flesh


   Skills:
 + Level 3.1 Fighting
 + Level 5.4 Long Blades
 + Level 1.9 Throwing
 + Level 2.1 Armour
 + Level 3.5 Dodging
 + Level 0.3 Stealth


You had 5 spell levels left.
You didn't know any spells.

Dungeon Overview and Level Annotations

Branches:
Dungeon (5/15)             Temple (1/1) D:5

Altars:
Makhleb
Qazlal
Ru
Uskayaw
Xom
Yredelemnul
Zin

Annotations:
D:4 1 runed door


Innate Abilities, Weirdness & Mutations

You are partially covered in iridescent scales. (AC +2)
You are mostly covered in sharp spines.


Message History

The orc priest is struck by your spines.
The orc priest hits you with a hand axe.
* * * LOW HITPOINT WARNING * * *
You climb downwards.
Welcome to the Ecumenical Temple!
There is a staircase back to the Dungeon here.
You slash the orc!
You kill the orc!
The orc hits you.
* * * LOW HITPOINT WARNING * * *
The orc priest is struck by your spines.
The orc priest barely misses you.
It was a potion of degeneration.
There was something very wrong with that liquid.
You feel weakened.
You feel dopey.
You feel clumsy. The orc misses you.
The orc priest hits you but does no damage.
It was a potion of berserk rage.
A red film seems to cover your vision as you go berserk!
You feel yourself moving faster!
You feel mighty! The orc hits you.
You die...

#####
#P@P#
#)oo#
##..#
...#
...#
#≈.≈#
#≈..#
#...#


You could see an orc priest and an orc.

Vanquished Creatures
  A scorpion (D:5)
  2 centaur skeletons (D:4)
  3 orc priests
  Ijyb (D:2)
  A worker ant (D:5)
  A hound skeleton (D:5)
  3 adders
  An ooze (D:1)
  3 worms
  6 dart slugs
  2 leopard geckos (D:2)
  9 orcs
  7 bats
  7 giant cockroaches
  15 goblins
  10 hobgoblins
  10 jackals
  2 quokkas (D:3)
  2 ball pythons
  5 frilled lizards
  11 kobolds
  3 rats (D:1)
105 creatures vanquished.

Notes
Turn   | Place    | Note
-------+----------+-------------------------------------------
     0 | D:1      | slep the Demonspawn Gladiator began the quest for the Orb.
     0 | D:1      | Reached XP level 1. HP: 16/16 MP: 1/1
   169 | D:1      | Gained mutation: You are partially covered in sharp spines. [demonic ancestry]
   169 | D:1      | Reached XP level 2. HP: 20/22 MP: 2/2
   213 | D:1      | Reached skill level 3 in Long Blades
   637 | D:1      | Reached XP level 3. HP: 27/27 MP: 3/3
  1025 | D:2      | Found a basalt altar of Yredelemnul.
  1062 | D:2      | Found a shimmering altar of Xom.
  1062 | D:2      | Found a burning altar of Makhleb.
  1117 | D:2      | Noticed Ijyb
  1139 | D:2      | Killed Ijyb
  1139 | D:2      | Gained mutation: You are partially covered in iridescent scales. (AC +2) [demonic ancestry]
  1139 | D:2      | Reached XP level 4. HP: 20/34 MP: 4/4
  1322 | D:2      | Reached skill level 1 in Armour
  1412 | D:2      | Found a stormy altar of Qazlal.
  1782 | D:3      | Reached skill level 4 in Long Blades
  1782 | D:3      | Gained mutation: You are mostly covered in sharp spines. [demonic ancestry]
  1782 | D:3      | Reached XP level 5. HP: 39/39 MP: 5/5
  1818 | D:3      | Found a sacrificial altar of Ru.
  1907 | D:3      | Found a glowing silver altar of Zin.
  1907 | D:3      | Found a hide-covered altar of Uskayaw.
  2641 | D:4      | Found a runed door.
  2657 | D:4      | Reached XP level 6. HP: 44/46 MP: 6/6
  3108 | D:5      | Entered Level 5 of the Dungeon
  3118 | D:5      | Reached skill level 5 in Long Blades
  3207 | D:5      | Found a staircase to the Ecumenical Temple.
  3212 | D:5      | HP: 2/47 [orc priest/hand axe (5)]
  3213 | Temple   | Entered the Ecumenical Temple
  3216 | Temple   | Slain by an orc

Vault maps used:
D:1:      dpeg_cavernosity, roderic_lattice_a, kennysheep_small_spiral
D:2:      kennysheep_the_goblin_king, grunt_temple_overflow_open,
          yredelemnul_altar_generic, grunt_qazlal_clouds
D:3:      nicolae_ru_sacrificial_ziggurat, gammafunk_temple_overflow_wave
D:4:      first_bread, uniq_ijyb, uniq_crazy_yiuf_cottage
D:5:      marbit_many_paths, temple_green
Temple:   corrupted_temple

Skill      XL: |  1  2  3  4  5  6 |
---------------+-------------------+-----
Dodging        | 3 |  3.5
Long Blades    | 3 4 5 |  5.4
Armour         | 1 2 |  2.1
Fighting       | 3 |  3.1
Throwing       | |  1.9
Stealth        | |  0.3

Action                   |  1- 3 |  4- 6 || total
-------------------------+-------+-------++-------
Melee: Long sword        |    97 |   108 ||   205
  Use: Potion            |       |     2 ||     2
 Stab: Sleeping          |     1 |       ||     1
  Eat: Chunk             |     1 |     7 ||     8
Armor: Leather armour    |    21 |     2 ||    23
       Chain mail        |       |    68 ||    68
Dodge: Dodged            |    81 |    42 ||   123
       Rpst.: Long sword |    24 |    17 ||    41

Table legend:
 A = Spawn XP
 B = Non-spawn XP
 C = Spawn XP percentage of total XP
 D = Spawn monster count
 E = Non-spawn monster count
 F = Spawn count percentage of total count
 G = Total turns spent on level
                    A         B        C        D         E        F      G
               +---------+---------+-------+---------+---------+-------+---------
         Total |       0 |     612 |   0.0 |       0 |     105 |   0.0 |  3216
               +---------+---------+-------+---------+---------+-------+---------
           D:1 |       0 |      59 |   0.0 |       0 |      30 |   0.0 |  1025
           D:2 |       0 |     116 |   0.0 |       0 |      33 |   0.0 |   652
           D:3 |       0 |      56 |   0.0 |       0 |      16 |   0.0 |   575
           D:4 |       0 |     151 |   0.0 |       0 |      14 |   0.0 |   856
           D:5 |       0 |     227 |   0.0 |       0 |      11 |   0.0 |   105
        Temple |       0 |       3 |   0.0 |       0 |       1 |   0.0 |     3
               +---------+---------+-------+---------+---------+-------+---------
